AoeStats
← romagus92

Arabia

508096512Analyzed
1v1 RM · 12d ago on Sep 20, 2026· 25m 45s· 2 players
Game mode
Random Map
Map size
Tiny (2 player)
Population
200
Speed
Normal
Resources
Standard
Victory
Conquest
Starting age
Dark Age
Ending age
Imperial Age
RankedLock teamsTeams togetherTeam positionsShared explorationLock speedFull tech treeHidden civsTurbo modeCheats
Victory
Defeat
🇨🇦 Magyars · Canada
995
+15
🇵🇾 Maya · Paraguay
980
-15
romagus92
0:26 Loom
10:12 Feudal Age
12:02 Wheelbarrow
17:39 Double-Bit Axe
18:28 Horse Collar
20:08 Fletching
20:29 Forging
24:16 Castle Age
22:30 Padded Archer Armor
22:42 Gold Mining
24:37 Forging
24:27 Scale Mail Armor
24:26 Pikeman
Morgan
6:33 Loom
9:29 Feudal Age
12:17 Double-Bit Axe
20:16 Castle Age
18:22 Gold Mining
18:16 Horse Collar
19:01 Scale Barding Armor
20:14 Bloodlines
22:10 Wheelbarrow
21:53 Heavy Plow
24:12 Chain Barding Armor
Connection lost

Rejoining the realm…

Still unreachable

The connection could not be restored.

Session expired

The server has moved on; the page needs a fresh start.